 Dungeon Crawl Stone Soup version 0.29-a0-334-gb41bcbb86e (webtiles) character file.

Game seed: 13922757405514096772

263 BritishOli the Skirmisher (level 5, 40/42 HPs)
             Began as a Demonspawn Monk on Apr 14, 2022.
             Got out of the dungeon alive.
             The game lasted 00:03:27 (2415 turns).

BritishOli the Skirmisher (Demonspawn Monk)         Turns: 2415, Time: 00:03:27

Health: 40/42      AC:  6    Str: 13    XL:     5   Next: 98%
Magic:  5/5        EV: 10    Int: 19    God:
Gold:   164        SH:  0    Dex: 16    Spells: 4/4 levels left

rFire   . . .      SeeInvis +   a - +0 falchion
rCold   . . .      Faith    .   (no shield)
rNeg    . . .      Spirit   .   g - +0 scale mail
rPois   .          Reflect  .   (no helmet)
rElec   .          Harm     .   (no cloak)
rCorr   .          Rampage  .   (no gloves)
Will    .....                   (no boots)
Stlth   +.........              (no amulet)
HPRegen 0.14/turn               h - ring of see invisible
MPRegen 0.09/turn               p - +6 ring of intelligence

@: no status effects
A: big brain 1, weakness stinger 1
a: no special abilities


You escaped.
You visited 1 branch of the dungeon, and saw 3 of its levels.

You collected 164 gold pieces.

Inventory:

Hand Weapons
 a - a +0 falchion (weapon)
Missiles
 k - 6 javelins (quivered)
Armour
 g - a +0 scale mail (worn)
Jewellery
 h - a ring of see invisible (left hand)
 m - a ring of magical power
 p - a +6 ring of intelligence (right hand)
Scrolls
 e - a scroll of enchant weapon {unknown}
 f - 2 scrolls of noise {unknown}
 i - 2 scrolls of immolation {unknown}
 j - a scroll of magic mapping {unknown}
 l - 3 scrolls of identify {unknown}
 q - a scroll of teleportation {unknown}
 t - a scroll of amnesia {unknown}
Potions
 b - a potion of haste {unknown}
 c - a potion of ambrosia
 d - a potion of curing {unknown}
 n - a potion of degeneration {unknown}
 o - a potion of flight {unknown}
 r - a potion of invisibility {unknown}
 s - a potion of attraction {unknown}


   Skills:
 + Level 4.2 Fighting
 + Level 3.8 Long Blades
 + Level 2.0 Armour
 + Level 3.8 Dodging
 - Level 2.2 Stealth


You had 4 spell levels left.
You didn't know any spells.
Your spell library contained the following spells:

 Spells                   Type           Power      Damage    Failure   Level
 Animate Skeleton         Necr           0%         N/A       67%         1
 Apportation              Tloc           0%         N/A       67%         1
 Summon Small Mammal      Summ           0%         N/A       67%         1


Dungeon Overview and Level Annotations

Branches:
Dungeon (3/15)

Altars:


Innate Abilities, Weirdness & Mutations

You have an unusually large brain. (Int +2)
You have a small tail.


Message History

Sigmund casts a spell at you. The magic dart hits you.
The kobold barely misses you.
You hit Sigmund.
You kill Sigmund!
The kobold hits you but does no damage.
Your Fighting skill increases to level 4!
Your Armour skill increases to level 2!
You have reached level 5!
Your demonic ancestry asserts itself...
Your brain expands.
You barely miss the kobold. The kobold hits you but does no damage.
You closely miss the kobold.
Your tail-slap misses the kobold.
The kobold closely misses you.
You hit the kobold but do no damage. The kobold closely misses you. x2
You slash the kobold!
You kill the kobold!
You see here a +0 dagger.
(D) Dungeon
Where to? (Enter - D:3, ? - help)
There is an open door here.
There is a stone staircase leading up here.
You climb upwards.
There is a stone staircase leading down here.
(D) Dungeon
Where to? (Enter - D:2, ? - help)
There is a stone staircase leading up here.
You climb upwards.
There is a stone staircase leading down here.
(D) Dungeon
Where to? (Enter - D:1, ? - help)
Okay, then.
Things that are here:
2 stones; a +0 club Unknown command.
Things that are here:
2 stones; a +0 club
There is a staircase leading out of the dungeon here.
There is a staircase leading out of the dungeon here.
Are you sure you want to leave the Dungeon?
This will make you lose the game!
You have escaped!

#≈≈≈##...#.#.# #..†.
#≈≈≈≈'...'...######.
#≈≈≈##...###.##.....
#≈≈.#...## #.##...#.
#≈.##...# #........
#≈.#...## #########
#>##...# ###...##
#.@.## #####


There were no monsters in sight!

Vanquished Creatures
  Sigmund (D:3)
  A gnoll (D:3)
  3 adders (D:2)
  A dart slug (D:1)
  An orc (D:3)
  7 ball pythons
  5 bats
  6 endoplasms
  8 giant cockroaches
  4 goblins
  9 hobgoblins
  2 quokkas (D:1)
  3 frilled lizards (D:1)
  4 kobolds
  3 rats
58 creatures vanquished.

Notes
Turn   | Place    | Note
-------+----------+-------------------------------------------
     0 | D:1      | BritishOli the Demonspawn Monk began the quest for the Orb.
     0 | D:1      | Reached XP level 1. HP: 18/18 MP: 1/1
   292 | D:1      | Found a faded altar of an unknown god.
   299 | D:1      | Gained mutation: You have a small tail. [demonic ancestry]
   299 | D:1      | Reached XP level 2. HP: 14/24 MP: 2/2
   706 | D:1      | Reached XP level 3. HP: 28/29 MP: 3/3
  1297 | D:2      | Reached XP level 4. HP: 33/35 MP: 4/4
  1412 | D:2      | Reached skill level 1 in Armour
  1503 | D:2      | Identified the +3 leather armour "Qioxir" {rN++ Int+4}
  2216 | D:3      | Noticed Sigmund
  2231 | D:3      | Killed Sigmund
  2232 | D:3      | Reached skill level 4 in Fighting
  2232 | D:3      | Gained mutation: You have an unusually large brain. (Int
                  | +2) [demonic ancestry]
  2232 | D:3      | Reached XP level 5. HP: 14/42 MP: 5/5
  2415 | D:$      | Got out of the dungeon alive.

Illustrated notes

Levels and vault maps discovered:
D:1:      evilmike_arrival_crescent, layout_basic, basic_ecumenical_altar
D:2:      layout_basic, kennysheep_generic_room_9
D:3:      layout_basic, palyth_stone_intersect, hex_medium, minmay_between,
          uniq_sigmund

Skill      XL: |  1  2  3  4 |
---------------+-------------+-----
Stealth        | 2 |  2.2
Dodging        | 3 |  3.8
Long Blades    | 3 |  3.8
Armour         | 2 |  2.0
Fighting       | 4 |  4.2

Action                   |  1- 3 |  4- 6 || total
-------------------------+-------+-------++-------
Melee: Falchion          |   118 |    50 ||   168
       Tailslap          |    13 |     6 ||    19
Armor: Scale mail        |    56 |    29 ||    85
       Robe              |     5 |       ||     5
Dodge: Dodged            |    60 |    34 ||    94

Table legend: (Time is in decaauts)
 A = Elapsed time spent in this place.
 B = Non-inter-level travel time spent in this place.
 C = Inter-level travel time spent in this place.
 D = Time resting spent in this place.
 E = Time spent auto-exploring this place.
 F = Levels seen in this place.
 G = Mean time per level.
                   A        B        C        D        E       F      G
               +--------+--------+--------+--------+--------+-----+--------+
         Total |   2440 |   2232 |    208 |      0 |   1822 |   3 |  813.3 |
       Dungeon |   2440 |   2232 |    208 |      0 |   1822 |   3 |  813.3 |
               +--------+--------+--------+--------+--------+-----+--------+

Top non-repeatable levels by time:
     D:2: 911 daAuts
     D:1: 879 daAuts
     D:3: 649 daAuts
